 Seeded DCSS version 0.31-a0-851-g7ff8af7976 (webtiles) character file.

Game seed: 8555861203913339888 (custom seed)

10 Psyclone the Conjurer (level 2, 20/20 HPs)
             Began as a Draconian Conjurer on Oct 5, 2023.
             Quit the game on level 1 of the Dungeon.
             The game lasted 00:01:17 (226 turns).

Psyclone the Conjurer (Draconian Conjurer)           Turns: 226, Time: 00:01:18

Health: 20/20      AC:  4    Str:  9    XL:     2   Next: 10%
Magic:  5/5        EV: 12    Int: 18    God:
Gold:   0          SH:  0    Dex:  9    Spells: 4/5 levels left

rFire   . . .        (no weapon)
rCold   . . .        (no shield)
rNeg    . . .        (body armour unavailable)
rPois   .            (helmet restricted)
rElec   .            (no cloak)
rCorr   .            (no gloves)
SInv    .            (no boots)
Will    .....        (no amulet)
Stlth   ++           (no ring)
HPRegen 0.23/turn    (no ring)
MPRegen 0.09/turn

%: no passive effects
@: no status effects
A: AC +4, unfitting armour, cold-blooded
a: no special abilities


You were on level 1 of the Dungeon.
You visited 1 branch of the dungeon, and saw 1 of its levels.

Inventory:

Potions
 a - a potion of magic


   Skills:
 + Level 2.0 Dodging
 + Level 2.0 Stealth
 + Level 2.1 Spellcasting
 + Level 4.1 Conjurations


You had 4 spell levels left.
You knew the following spells:

 Your Spells              Type           Power      Damage    Failure   Level
a - Magic Dart            Conj           64%        1d6       3%          1

Your spell library contained the following spells:

 Spells                   Type           Power      Damage    Failure   Level
 Searing Ray              Conj           32%        2d5       4%          2
 Dazzling Flash           Conj/Hex       18%        N/A       22%         3
 Fulminant Prism          Conj/Hex       4%         3d5       58%         4
 Iskenderun's Mystic Bla  Conj/Tloc      9%         2d4       58%         4


Dungeon Overview and Level Annotations

Branches:
Dungeon (1/15) Zot: 5770

Altars:


Innate Abilities, Weirdness & Mutations

Your plain brown scales are hard. (AC +4)
You cannot fit into any form of body armour.
You are cold-blooded and may be slowed by cold attacks.


Message History

The magic dart hits the frilled lizard.
You kill the frilled lizard!
You now have 4/5 mp.
You start resting.
Magic restored.
MP restored: 5
Casting: Magic Dart (safe; 3% risk of failure)
Confirm with . or Enter, or press ? or * to list all spells.
You can't see any susceptible monsters within range! (Use Z to cast anyway.) Unknown command.
A quokka comes into view.
Casting: Magic Dart (safe; 3% risk of failure)
Confirm with . or Enter, or press ? or * to list all spells.
Aiming: Magic Dart (safe; 3% risk of failure)
Press: ? - help, Shift-Dir - straight line, f - quokka
Aim: a quokka (asleep, 100% to hit)
The magic dart hits the quokka.
The quokka is moderately wounded.
You now have 4/5 mp.
Casting: Magic Dart (safe; 3% risk of failure)
Confirm with . or Enter, or press ? or * to list all spells.
Aiming: Magic Dart (safe; 3% risk of failure)
Press: ? - help, Shift-Dir - straight line, f/p - quokka
Aim: a quokka (moderately wounded, 100% to hit)
The magic dart hits the quokka.
You kill the quokka!
You now have 3/5 mp.
Casting: Magic Dart (safe; 3% risk of failure)
Confirm with . or Enter, or press ? or * to list all spells.
You can't see any susceptible monsters within range! (Use Z to cast anyway.) Unknown command.
You start resting.
Magic restored.
MP restored: 5
Found 3 scrolls labelled XUBBEDGHI ZUXAESU.
b - 3 scrolls labelled XUBBEDGHI ZUXAESU This is a scroll of acquirement!
Something appears at your feet! Something appears at your feet!
Something appears at your feet!
Are you sure you want to abandon this character and quit the game? (Confirm with "yes".)

#.# ## ##.# ### .. ...
..# #.#####.# #.#
.#..@..#.###.#
#.....##.#.....#
#......#.#.....# #####
................####....
............###.........
......#.....†..#........
......#..........#......
......#.................
. #...##.....#......


There were no monsters in sight!

Vanquished Creatures
  An endoplasm (D:1)
  2 hobgoblins (D:1)
  2 jackals (D:1)
  A quokka (D:1)
  3 frilled lizards (D:1)
9 creatures vanquished.

Notes
Turn   | Place    | Note
-------+----------+-------------------------------------------
     0 | D:1      | Psyclone the Draconian Conjurer began the quest for the
                  | Orb.
     0 | D:1      | Reached XP level 1. HP: 14/14 MP: 3/3
   110 | D:1      | Reached XP level 2. HP: 14/20 MP: 0/5
   223 | D:1      | Identified 3 scrolls of acquirement
   223 | D:1      | Acquired 972 gold pieces
   224 | D:1      | Acquired 730 gold pieces
   225 | D:1      | Acquired 1360 gold pieces
   226 | D:1      | Quit the game

Illustrated notes

Levels and vault maps discovered:
D:1:      dpeg_arrival_more_subterranean_lakeside_camping, layout_basic

Skill      XL: |  1 |
---------------+----+-----
Stealth        | 2 |  2.0
Dodging        | 2 |  2.0
Spellcasting   | |  2.1
Conjurations   | |  4.1

Action                     || total
---------------------------++-------
  Melee: Unarmed           ||    12
         Tailslap          ||     2
         Punch             ||     1
   Cast: Magic Dart        ||    12
    Use: Scroll            ||     3
 Armour: Skin              ||     7
  Dodge: Dodged            ||     6

Table legend: (Time is in decaauts)
 A = Elapsed time spent in this place.
 B = Non-inter-level travel time spent in this place.
 C = Inter-level travel time spent in this place.
 D = Time resting spent in this place.
 E = Time spent auto-exploring this place.
 F = Levels seen in this place.
 G = Mean time per level.
                   A        B        C        D        E       F      G
               +--------+--------+--------+--------+--------+-----+--------+
         Total |    229 |    229 |      0 |    115 |      0 |   1 |  229.0 |
       Dungeon |    229 |    229 |      0 |    115 |      0 |   1 |  229.0 |
               +--------+--------+--------+--------+--------+-----+--------+

Top non-repeatable levels by time:
     D:1: 229 daAuts
